 Dungeon Crawl Stone Soup version 0.14-a0-2592-g262d02f (webtiles) character file.

128 4tharraofdagon the Twirler (level 3, -3/18 HPs)
             Began as a Vine Stalker Gladiator on Feb 12, 2014.
             Slain by an orc wizard
             ... wielding a +0,+2 orcish dagger of draining
              (4 damage)
             ... on Level 3 of the Dungeon.
             The game lasted 00:03:07 (602 turns).

4tharraofdagon the Twirler (Vine Stalker Gladiator)  Turns: 602, Time: 00:03:07

HP  -3/18        AC  4     Str 18      XL: 3   Next: 60%
MP   0/4         EV 12     Int  8      God:
Gold 84          SH  0     Dex 14      Spells:  0 memorised,  2 levels left

rFire  + . .     SeeInvis .     a - +0 quarterstaff
rCold  . . .     Clarity  .     b - +0 leather armour
rNeg   . . .     Conserve .     (no shield)
rPois  .         rCorr    .     c - +0 helmet
rElec  .         rRot     +     (no cloak)
SustAb + .       Spirit   +     (no gloves)
rMut   .         Warding  .     (no boots)
Saprov . . .     Stasis   .     r - amulet of rage
MR     .....                    p - ring of protection from fire {unknown}
                                l - ring of sustain abilities {unknown}

@: drained, not resistant to hostile enchantments, unstealthy
A: fangs 2, regeneration 1, magic shield, antimagic bite, no device heal
a: Evoke Berserk Rage


You were on level 3 of the Dungeon.
You were not hungry.

You visited 1 branch of the dungeon, and saw 5 of its levels.

You collected 84 gold pieces.

Inventory:

Hand weapons
 a - a +0,+0 quarterstaff (weapon)
Missiles
 d - 3 throwing nets (quivered)
Armour
 b - a +0 leather armour (worn)
 c - a +0 helmet (worn)
Comestibles
 f - a bread ration
 g - a meat ration
 j - 2 pears
Scrolls
 e - 3 scrolls of remove curse {unknown}
 k - a scroll of random uselessness {unknown}
 n - a scroll of immolation {unknown}
Jewellery
 l - a ring of sustain abilities (left hand) {unknown}
 p - a ring of protection from fire (right hand) {unknown}
 r - an amulet of rage (around neck)
Potions
 h - a potion of degeneration {unknown}
 i - a potion of magic {unknown}
 m - a potion of brilliance {unknown}
 o - 2 potions of curing {unknown}
 q - a potion of heal wounds {unknown}
 s - 2 potions of might {unknown}


   Skills:
 + Level 2.2(1.9) Fighting
 * Level 3.2(2.9) Staves
 - Level 1.7(1.4) Throwing
 + Level 0.8(0.5) Armour
 + Level 2.7(2.4) Dodging
 + Level 0.0 Evocations


You had 2 spell levels left.
You didn't know any spells.

Dungeon Overview and Level Annotations

Branches:
Dungeon (5/16)
 Temple: D:4-7

Altars:

Annotations:
D:5 4tharraofdagon's ghost, average MfAE


Innate Abilities, Weirdness & Mutations

You have extremely sharp teeth.
Your natural rate of healing is unusually fast.
When hurt, damage is shared between your health and your magic reserves.
Your bite disrupts and absorbs the magic of your enemies.
Potions and wands cannot restore your HP.


Message History

Unknown command.
There is a stone staircase leading up here.
You climb upwards.
There is a stone staircase leading down here.
Unknown command.
Use which ability? (? or * to list)
You fail to use your ability.
The orc closely misses you.
Use which ability? (? or * to list)
You fail to use your ability.
The orc closely misses you.
Use which ability? (? or * to list)
You fail to use your ability.
The orc misses you.
The orc wizard hits you with a runed orcish dagger.
* * * LOW HITPOINT WARNING * * *
You feel drained.
* * * LOW HITPOINT WARNING * * *
Unknown command.
Use which ability? (? or * to list)
You fail to use your ability.
The orc hits you but does no damage.
The orc wizard hits you with an orcish dagger of draining.
You die...

##########
#@.........
#oo#######
#o.# ....#
#.#..#
oo..$..
..o....# .
....#
.....#


You could see an orc wizard and 2 orcs.

Vanquished Creatures
  A worm (D:4)
  4 orcs
  2 ball pythons (D:1)
  2 bats
  2 giant cockroaches
  6 hobgoblins
  3 jackals (D:4)
  A giant newt (D:1)
  2 goblins
  3 kobolds
  5 rats
31 creatures vanquished.

Notes
Turn   | Place    | Note
--------------------------------------------------------------
     0 | D:1      | 4tharraofdagon, the Vine Stalker Gladiator, began the quest for the Orb.
     0 | D:1      | Reached XP level 1. HP: 11/11 MP: 1/1
   142 | D:1      | Reached XP level 2. HP: 15/15 MP: 3/3
   319 | D:2      | Reached skill level 3 in Staves
   390 | D:4      | Reached XP level 3. HP: 16/18 MP: 2/4
   507 | D:5      | Entered Level 5 of the Dungeon
   534 | D:5      | Noticed 4tharraofdagon's ghost (average MfAE)
   602 | D:3      | Slain by an orc wizard

Action                   || total
-------------------------++-------
Melee: Quarterstaff      ||    77
  Use: Scroll            ||     1
